 Dungeon Crawl Stone Soup version 0.18.1-50-g88ac8fd (webtiles) character file.

8251 Monkfish the Unseen (level 11, -3/68 HPs)
             Began as a Kobold Berserker on Oct 23, 2016.
             Was an Elder of Trog.
             Slain by a killer bee (10 damage)
             ... on level 11 of the Dungeon.
             The game lasted 00:28:18 (12734 turns).

Monkfish the Unseen (Kobold Berserker)             Turns: 12734, Time: 00:28:18

Health: -3/68      AC:  6    Str: 21    XL:     11   Next: 52%
Magic:  11/11      EV: 18    Int:  5    God:    Trog [****..]
Gold:   708        SH:  2    Dex: 19    Spells: 0 memorised, 10 levels left

rFire  + . .     SeeInvis .     q - +4 dagger (venom)
rCold  . . .     Gourm    .     r - +0 robe {rF+}
rNeg   + . .     Faith    .     (shield restricted)
rPois  .         Spirit   .     t - +0 helmet
rElec  .         Dismiss  .     o - +1 cloak {MR+}
rCorr  .         Reflect  +     (no gloves)
SustAt .         Harm     .     C - +0 pair of boots
MR     +++..                    B - +2 amulet of reflection
Stlth  +++++++++.               b - ring of positive energy
                                f - ring of stealth

@: mighty, lethally poisoned (-3 -> -5), exhausted, regenerating, slowed, very
slow, extremely resistant to hostile enchantments, incredibly stealthy
A: carnivore 3
a: Berserk, Trog's Hand, Brothers in Arms, Burn Spellbooks, Renounce Religion


You were on level 11 of the Dungeon.
You worshipped Trog.
Trog was greatly pleased with you.
You were not hungry.

You visited 2 branches of the dungeon, and saw 12 of its levels.

You collected 708 gold pieces.

Inventory:

Hand Weapons
 j - a +0 blowgun
 q - a +4 dagger of venom (weapon)
Missiles
 a - 6 curare-tipped needles
 l - 42 poisoned needles
Armour
 o - a +1 cloak of magic resistance (worn)
 r - a +0 robe of fire resistance (worn)
 t - a +0 helmet (worn)
 C - a +0 pair of boots (worn)
Jewellery
 b - a ring of positive energy (right hand)
 f - a ring of stealth (left hand)
 B - a +2 amulet of reflection (around neck)
Wands
 h - a wand of acid (9/15)
 p - a wand of flame (3/48)
 x - a wand of iceblast (8/15)
 y - a wand of paralysis (3/24)
Scrolls
 d - 7 scrolls of fog
 g - a scroll of torment {unknown}
 k - 3 scrolls of remove curse
 s - 2 scrolls of magic mapping
 A - a scroll of recharging
Potions
 e - a potion of cancellation {unknown}
 i - 2 potions of agility
 n - a potion of might
 v - a potion of haste
 w - 2 potions of curing
 D - a potion of ambrosia
Comestibles
 c - 5 meat rations
 m - 8 slices of pizza
 u - 2 beef jerkies


   Skills:
 + Level 8.2 Fighting
 - Level 10.0 Short Blades
 - Level 1.5 Armour
 * Level 4.6 Dodging
 + Level 17.8 Stealth


You had 10 spell levels left.
You didn't know any spells.

Dungeon Overview and Level Annotations

Branches:
Dungeon (11/15)            Temple (0/1) D:7            Lair (0/8) D:9
    Orc (1/2) D:11

Altars:
Dithmenos
Elyvilon
Fedhas
Qazlal
Sif Muna
Trog
Vehumet
Zin

Shops:
Orc:1 *

Annotations:
D:3 exclusion: door
D:6 exclusion: 3 doors
D:11 exclusion: 3 doors
Orc:1 Josephine


Innate Abilities, Weirdness & Mutations

You are small and have problems with some larger weapons.
You are carnivorous and can eat meat at any time.


Message History

The killer bee closely misses you. The killer bee stings you!
* * * LOW HITPOINT WARNING * * *
The killer bee stings you.
* * * LOW HITPOINT WARNING * * *
You are more poisoned.
The killer bee poisons you!
An adder comes into view.
Read which item? (? for menu, Esc to quit)
Okay, then.
Drink which item? (? for menu, Esc to quit)
You feel very mighty all of a sudden.
You feel very sick. The killer bee closely misses you.
The killer bee misses you. x2
The killer bee stings you but does no damage.
The killer bee barely misses you. The killer bee stings you!
* * * LOW HITPOINT WARNING * * *
The killer bee misses you.
The adder moves out of view.
The killer bee stings you but does no damage.
The killer bee closely misses you. The killer bee stings you!
You die...

##.## ##.......## ##.#.#
#...####.........####....#
.......'.........'†>.....####
#...##########...###........#
##.#### #8..†# #.#.#.##.#
).....# #....# #.###.##.#
)###### +.[>y###.# #.##.# )#
#..yyy##.# #.##.# .####
#8..@y##.# #.##.# ...)# ###
####....##.###.##.# .##.###.#
#..###.###........#
........###...##.#######.####
###.######...............#
#.##.####...#..#########
#.....###..##..#
##.#.#.##......#
#.##..........##


You could see 5 killer bees.

Vanquished Creatures
  Pikel (D:9)
  A gargoyle (D:11)
  A kobold demonologist (D:11)
  A troll (D:10)
  Prince Ribbit (D:7)
  A wyvern (D:11)
  A human (D:8)
  6 yaks (D:11)
  A hippogriff (D:10)
  Grum (D:11)
  6 orc warriors
  3 sky beasts
  A slave (D:9)
  A wasp (D:10)
  2 phantoms
  A black bear (D:11)
  3 ice beasts
  3 ogres
  4 wolves (D:11)
  8 centaurs
  The ghost of kurovuster the Charmwright, an amateur HESk (D:3)
  4 giant frogs
  4 scorpions
  A killer bee (D:11)
  A wight (D:6)
  A vampire bat (D:4)
  A howler monkey (D:4)
  7 crimson imps
  4 giant frog zombies
  2 giant frog skeletons (D:10)
  7 hounds
  Crazy Yiuf (D:5)
  4 orc priests
  3 jellies
  11 orc wizards
  3 centaur skeletons
  3 iguanas
  2 worker ants
  4 sheep (D:8)
  2 hound skeletons
  A howler monkey skeleton (D:4)
  10 adders
  3 shadow imps
  An ooze (D:6)
  3 worms
  2 dart slugs (D:1)
  3 fire bats (D:4)
  7 giant geckos
  27 orcs
  2 spectral bats (D:4)
  A ball python (D:2)
  15 bats
  3 bat skeletons (D:4)
  A bat zombie (D:4)
  3 giant cockroaches
  6 goblins
  7 hobgoblins
  8 jackals
  10 kobolds
  A quokka (D:2)
  A bat simulacrum (D:4)
  2 giant gecko zombies (D:6)
  A jackal zombie (D:6)
  3 rats
234 creatures vanquished.

Vanquished Creatures (collateral kills)
  A hill giant (D:10)
1 creature vanquished.

Grand Total: 235 creatures vanquished

Notes
Turn   | Place    | Note
--------------------------------------------------------------
     0 | D:1      | Monkfish the Kobold Berserker began the quest for the Orb.
     0 | D:1      | Reached XP level 1. HP: 14/14 MP: 1/1
   272 | D:1      | Reached XP level 2. HP: 14/19 MP: 2/2
   660 | D:1      | Reached skill level 1 in Stealth
  1043 | D:2      | Reached XP level 3. HP: 22/23 MP: 3/3
  1145 | D:2      | Found a bloodstained altar of Trog.
  1576 | D:2      | Reached ** piety under Trog
  1588 | D:2      | Reached skill level 2 in Stealth
  1627 | D:2      | Reached XP level 4. HP: 12/29 MP: 4/4
  1883 | D:2      | Reached skill level 5 in Short Blades
  2206 | D:2      | Found a stormy altar of Qazlal.
  2275 | D:3      | Found a white marble altar of Elyvilon.
  2729 | D:3      | Reached skill level 3 in Stealth
  2918 | D:3      | Reached XP level 5. HP: 29/33 MP: 5/5
  3053 | D:3      | Noticed kurovuster's ghost (amateur HESk)
  3056 | D:3      | Found a deep blue altar of Sif Muna.
  3189 | D:3      | Found a blossoming altar of Fedhas.
  3273 | D:3      | Killed kurovuster's ghost
  3273 | D:3      | Reached skill level 4 in Stealth
  3273 | D:3      | Reached XP level 6. HP: 39/39 MP: 6/6
  3413 | D:4      | Reached skill level 5 in Stealth
  3539 | D:4      | Reached skill level 6 in Stealth
  3616 | D:4      | Reached XP level 7. HP: 44/44 MP: 7/7
  3648 | D:4      | Reached skill level 5 in Fighting
  4037 | D:4      | Reached skill level 7 in Stealth
  4054 | D:4      | Found a radiant altar of Vehumet.
  4619 | D:5      | Entered Level 5 of the Dungeon
  5075 | D:5      | Reached skill level 8 in Stealth
  5075 | D:5      | Reached XP level 8. HP: 36/50 MP: 8/8
  5762 | D:5      | Reached skill level 9 in Stealth
  6096 | D:5      | Reached skill level 10 in Stealth
  6117 | D:5      | Noticed Crazy Yiuf
  6128 | D:5      | Killed Crazy Yiuf
  6409 | D:6      | Reached XP level 9. HP: 56/56 MP: 9/9
  6559 | D:6      | Found a glowing silver altar of Zin.
  6793 | D:6      | Reached skill level 11 in Stealth
  7606 | D:7      | Found a staircase to the Ecumenical Temple.
  7609 | D:7      | Reached skill level 12 in Stealth
  7841 | D:7      | Reached *** piety under Trog
  8202 | D:7      | Found a blossoming altar of Fedhas.
  8291 | D:7      | Noticed Prince Ribbit
  8389 | D:7      | Killed Prince Ribbit
  8389 | D:7      | Reached skill level 13 in Stealth
  8586 | D:8      | Reached XP level 10. HP: 63/63 MP: 10/10
  8929 | D:8      | Found a shadowy altar of Dithmenos.
  9160 | D:8      | Reached skill level 14 in Stealth
  9379 | D:9      | Found a staircase to the Lair.
  9988 | D:9      | Noticed Pikel
 10021 | D:9      | Killed Pikel
 10021 | D:9      | Reached skill level 15 in Stealth
 10068 | D:10     | Entered Level 10 of the Dungeon
 10105 | D:10     | Noticed a hill giant
 10690 | D:10     | Reached skill level 16 in Stealth
 10692 | D:10     | Reached **** piety under Trog
 10933 | D:10     | Noticed a centaur warrior
 10961 | D:10     | HP: 2/63 [centaur warrior/arrow (9)]
 10985 | D:10     | HP: 1/63 [centaur (6)]
 11470 | D:10     | Killed a hill giant
 11547 | D:11     | Found a staircase to the Orcish Mines.
 11617 | D:11     | Noticed a kobold demonologist
 11620 | D:11     | Killed a kobold demonologist
 11620 | D:11     | Reached XP level 11. HP: 67/67 MP: 11/11
 11641 | D:11     | Reached skill level 17 in Stealth
 11706 | D:11     | Noticed a deep elf mage
 11900 | D:11     | Noticed Grum
 12226 | D:11     | Reached skill level 10 in Short Blades
 12243 | D:11     | Killed Grum
 12377 | D:11     | Noticed a cyclops
 12697 | Orc:1    | Entered Level 1 of the Orcish Mines
 12704 | Orc:1    | Found Biylykau's Assorted Antiques.
 12725 | Orc:1    | Noticed Josephine
 12734 | D:11     | Slain by a killer bee

Skill      XL: |  1  2  3  4  5  6  7  8  9 10 11 |
---------------+----------------------------------+-----
Stealth        | 1 2 3 4 6 8 10 13 16 17 | 17.8
Fighting       | 4 5 6 7 8 |  8.2
Short Blades   | 5 6 7 8 9 10 | 10.0
Dodging        | 4 |  4.6
Armour         | |  1.5

Action                   |  1- 3 |  4- 6 |  7- 9 | 10-12 || total
-------------------------+-------+-------+-------+-------++-------
Melee: Short sword       |   109 |   208 |    77 |       ||   394
       Dagger            |       |       |   220 |   308 ||   528
 Fire: Blowgun           |       |       |     4 |     4 ||     8
Invok: Berserk           |     1 |     3 |     8 |    10 ||    22
       Trog's Hand       |       |     3 |     4 |     7 ||    14
       Burn Spellbooks   |       |     2 |       |     3 ||     5
       Brothers in Arms  |       |       |       |     1 ||     1
Evoke: Wand              |       |       |     7 |    10 ||    17
  Use: Scroll            |     4 |     2 |    11 |    13 ||    30
       Potion            |     1 |     4 |     2 |     5 ||    12
 Stab: Sleeping          |     7 |     7 |    23 |    29 ||    66
       Distracted        |       |       |     1 |     3 ||     4
       Invisible         |       |       |     1 |       ||     1
       Paralysed         |       |       |       |     2 ||     2
  Eat: Chunk             |     7 |    11 |    22 |    25 ||    65
Armor: Leather armour    |     8 |    66 |    25 |       ||    99
       Robe              |       |       |     8 |    26 ||    34
Dodge: Dodged            |    67 |   199 |   131 |   142 ||   539
Block: Other             |       |       |       |     5 ||     5
